AoeStats
← Ludoblues

Arabia

510601188Analyzed
2v2 RM · 2d ago on Oct 1, 2026· 29m 2s· 4 players
Game mode
Random Map
Map size
Medium (4 player)
Population
200
Speed
Normal
Resources
Standard
Victory
Conquest
Starting age
Dark Age
Ending age
Imperial Age
RankedLock teamsTeams togetherTeam positionsShared explorationLock speedFull tech treeHidden civsTurbo modeCheats
Victory
Defeat
🇲🇽 Britons · Mexico
1091
+15
🇸🇪 Sicilians · Sweden
1071
+15
🇫🇷 Celts · France
1084
-16
🇫🇷 Romans · France
1037
-14
Peshmerga424
6:52 Loom
9:18 Feudal Age
14:30 Double-Bit Axe
22:42 Castle Age
22:01 Forging
22:26 Scale Mail Armor
22:36 Horse Collar
Tlacua_Mtz
7:04 Loom
9:25 Feudal Age
11:28 Double-Bit Axe
12:19 Horse Collar
14:27 Gold Mining
17:04 Fletching
19:24 Town Watch
22:36 Castle Age
21:17 Padded Archer Armor
23:02 Crossbowman
23:40 Bodkin Arrow
26:43 Heavy Plow
29:31 Wheelbarrow
Ludoblues
11:54 Feudal Age
10:25 Loom
12:53 Double-Bit Axe
12:51 Horse Collar
21:06 Fletching
nosta
9:01 Feudal Age
8:36 Loom
11:34 Double-Bit Axe
14:48 Forging
16:41 Bloodlines
17:19 Scale Barding Armor
26:03 Castle Age
27:10 Chain Barding Armor
27:26 Iron Casting
Connection lost

Rejoining the realm…

Still unreachable

The connection could not be restored.

Session expired

The server has moved on; the page needs a fresh start.